 Dungeon Crawl Stone Soup version 0.30-a0-739-gea05faddec (webtiles) character file.

Game seed: 16334086714196904031

10036 Angani the Carver (level 12, -1/97 HPs)
             Began as a Meteoran Artificer on Feb 5, 2023.
             Was an Elder of Wu Jian.
             Slain by an anaconda simulacrum (26 damage)
             ... in an ice cave.
             The game lasted 00:29:11 (4555 turns).

Angani the Carver (Meteoran Artificer)              Turns: 4555, Time: 00:29:11

Health: -1/97      AC:  9    Str: 21    XL:     12   Next: 13%
Magic:  13/13      EV: 16    Int: 13    God:    Wu Jian [****..]
Gold:   141        SH:  0    Dex: 25    Spells: 11/11 levels left

rFire   + . .      SeeInvis .    D - +3 long sword of Peace {venom, rF+}
rCold   . . .      Faith    .    (no shield)
rNeg    . . .      Spirit   .    c - +1 troll leather armour {Pargi}
rPois   .          Reflect  .    r - +0 helmet
rElec   .          Harm     .    (no cloak)
rCorr   .          Rampage  .    (no gloves)
Will    +....                    v - +0 pair of boots
Stlth   +                        b - amulet of regeneration
HPRegen 1.96/turn                i - +6 ring of dexterity
MPRegen 0.13/turn                t - +6 ring of strength

@: glowing, constricted
A: sense surroundings 2, otherworldly, glowing, explore regen
a: Renounce Religion, Wall Jump, Serpent's Lash


You were in an ice cave.
You worshipped Wu Jian.
Wu Jian was greatly pleased with you.
You visited 2 branches of the dungeon, and saw 12 of its levels.
You also visited: Ossuary and Ice Cave.

You collected 625 gold pieces.
You spent 484 gold pieces at shops.

Inventory:

Hand Weapons
 D - the +3 long sword of Peace (weapon) {venom, rF+}
   (You found it on level 5 of the Dungeon)

   rF:        It protects you from fire.
Missiles
 j - 28 poisoned darts
 G - a throwing net
Armour
 c - a +1 troll leather armour (worn) {Pargi}
 r - a +0 helmet (worn)
 v - a +0 pair of boots (worn)
 w - +0 swamp dragon scales
 z - a scarf of harm
 B - an orb of wrath
Jewellery
 b - an amulet of regeneration (around neck)
 i - a +6 ring of dexterity (left hand)
 t - a +6 ring of strength (right hand)
 I - a ring of willpower
Wands
 d - a wand of charming (2)
 p - a wand of flame (22) (quivered)
 C - a wand of paralysis (19)
 P - a wand of mindburst (7)
Scrolls
 e - 2 scrolls of brand weapon
 f - 4 scrolls of teleportation
 h - a scroll of poison
 q - 3 scrolls of fear
 s - 2 scrolls of immolation
 y - 2 scrolls of magic mapping
 E - a scroll of fog
 F - a scroll of enchant weapon
 J - a scroll of amnesia
 N - a scroll of vulnerability {unknown}
 O - a scroll of silence {unknown}
Potions
 a - 6 potions of heal wounds {unknown}
 g - 6 potions of lignification {unknown}
 k - a potion of degeneration {unknown}
 l - 2 potions of cancellation {unknown}
 m - a potion of might {unknown}
 n - 6 potions of curing {unknown}
 o - 3 potions of haste {unknown}
 u - 3 potions of mutation {unknown}
 A - 2 potions of flight {unknown}
 H - 3 potions of magic {unknown}
 K - a potion of berserk rage {unknown}
 L - 3 potions of resistance {unknown}
 M - a potion of invisibility {unknown}


   Skills:
 - Level 6.9 Fighting
 - Level 14.0 Long Blades
 + Level 8.8 Armour
 + Level 8.5 Dodging
 - Level 0.6 Stealth
 - Level 8.4 Evocations


You had 11 spell levels left.
You didn't know any spells.
Your spell library contained the following spells:

 Spells                   Type           Power      Damage    Failure   Level
 Stone Arrow              Conj/Erth      0%         3d7       71%         3
 Animate Armour           Summ/Erth      0%         N/A       98%         4
 Lehudib's Crystal Spear  Conj/Erth      0%         10d2      100%        8


Dungeon Overview and Level Annotations

Branches:
Dungeon (11/15) Zot: 2687  Temple (1/1) D:5 Zot: 385    Lair (0/5) D:11
    Orc (0/2) D:9         Ossuary (visited)           IceCv (1/1) Zot: 375

Altars:
Ashenzari
Cheibriados
Dithmenos
Elyvilon
Fedhas
Gozag
Hepliaklqana
Kikubaaqudgha
Makhleb
Nemelex Xobeh
Okawaru
Qazlal
Ru
Sif Muna
Trog
Uskayaw
Vehumet
Wu Jian
Xom
Yredelemnul
Zin
The Shining One

Shops:
D:7 *   D:8 =

Annotations:
IceCv exclusion: ice statue


Innate Abilities, Weirdness & Mutations

You passively map the area around you.
You are easily found by Zot.
You glow in the dark.
You regain HP and MP as you explore.


Message History

Really walk into that cloud of freezing vapour?
Okay, then.
You open the door.
An anaconda simulacrum comes into view.
The anaconda simulacrum grabs you.
The anaconda simulacrum closely misses you.
The anaconda simulacrum constricts you.
You slash the anaconda simulacrum!
The anaconda simulacrum is moderately damaged.
The anaconda simulacrum closely misses you.
The anaconda simulacrum constricts you.
You hit the anaconda simulacrum.
The anaconda simulacrum is moderately damaged.
The anaconda simulacrum bites you. The anaconda simulacrum freezes you!!
The anaconda simulacrum constricts you.
You slash the anaconda simulacrum!
The anaconda simulacrum is severely damaged.
The anaconda simulacrum bites you but does no damage.
The anaconda simulacrum constricts you.
You escape the anaconda simulacrum's grasp.
The anaconda simulacrum attacks as you move away!
The anaconda simulacrum completely misses you.
The anaconda simulacrum bites you. The anaconda simulacrum freezes you!!
* * * LOW HITPOINT WARNING * * *
You slash the anaconda simulacrum!
The anaconda simulacrum is almost destroyed.
The anaconda simulacrum grabs you.
The anaconda simulacrum completely misses you.
The anaconda simulacrum constricts you.
* * * LOW HITPOINT WARNING * * *
You escape the anaconda simulacrum's grasp.
The anaconda simulacrum grabs you.
The anaconda simulacrum bites you but does no damage.
The anaconda simulacrum constricts you.
You barely miss the anaconda simulacrum.
The anaconda simulacrum is almost destroyed.
The anaconda simulacrum bites you.
* * * LOW HITPOINT WARNING * * *
The anaconda simulacrum freezes you!!
You die...

+, * ###.....## *, *# ###
#......... * #. #.#
####........ , +#+#.#+#'###
#⌠.#........ , ,
.........'.#,+[4#........
*.8.8.8.8.########........ ,
..............#.......... ,
*, ..............'.....⌠....
* ........@.....#..........
*,*.8.8.8.8Z########........
, .........'.# ,#........
+#+#.#+#'### * .#........
*,#. ,#.# ###........ *, #+
*### ** ......... , , , ,,,
, *##.....## * * * ######


You could see an anaconda simulacrum.

Vanquished Creatures
  3 two-headed ogres
  Pikel (D:6)
  An ice statue (IceCv)
  Maggie (D:6)
  An unseen horror (D:5)
  An ice devil (IceCv)
  An anaconda simulacrum (IceCv)
  Grinder (D:5)
  A wyvern (D:10)
  Menkaure (D:5)
  2 steam dragons
  Grum (D:9)
  2 water moccasins
  2 hydra simulacra (IceCv)
  Duvessa (D:4)
  An acid dragon (D:10)
  An ice beast (D:7)
  A sky beast (D:7)
  2 orc warriors
  5 ogres
  3 centaurs
  4 wolves
  2 lemures (D:6)
  A kobold brigand (D:7)
  3 bullfrogs
  Blork the orc (D:6)
  2 necrophages
  A two-headed ogre simulacrum (IceCv)
  4 scorpions
  10 wights
  5 gnoll sergeants (D:7)
  9 killer bees
  4 howler monkeys
  6 orc priests
  3 jellies
  2 gnoll boudas (D:7)
  9 hounds
  2 iguanas
  Jessica (D:4)
  12 orc wizards
  A spriggan simulacrum (IceCv)
  8 mummies (Ossuary)
  Robin (D:1)
  20 gnolls
  2 adders
  3 naga simulacra (IceCv)
  35 orcs
  7 ball pythons
  5 endoplasms
  A giant cockroach (D:2)
  4 hobgoblins
  3 jackals (D:7)
  2 quokkas (D:4)
  A bat (D:1)
  2 frilled lizards (D:1)
  A gnoll zombie (Ossuary)
  19 goblins
  A hobgoblin zombie (Ossuary)
  12 kobolds
  5 kobold zombies (Ossuary)
  An orc zombie (Ossuary)
  6 rats
254 creatures vanquished.

Vanquished Creatures (collateral kills)
  Pargi (D:4)
  Dowan (D:4)
  2 quokkas (D:4)
4 creatures vanquished.

Vanquished Creatures (others)
  2 ball pythons (D:4)
2 creatures vanquished.

Grand Total: 260 creatures vanquished

Notes
Turn   | Place    | Note
-------+----------+-------------------------------------------
     0 | D:1      | Angani the Meteoran Artificer began the quest for the Orb.
     0 | D:1      | Reached XP level 1. HP: 16/16 MP: 2/2
    55 | D:1      | Reached XP level 2. HP: 15/23 MP: 3/3
   346 | D:1      | Reached XP level 3. HP: 21/29 MP: 4/4
   454 | D:2      | Noticed Robin
   476 | D:1      | Killed Robin
   525 | D:2      | Noticed Jessica
   533 | D:2      | HP: 1/30 [hobgoblin (3)]
   535 | D:2      | Reached XP level 4. HP: 1/37 MP: 5/5
   963 | D:3      | Reached skill level 5 in Evocations
  1056 | D:3      | Found a blossoming altar of Fedhas.
  1094 | D:4      | Noticed a necrophage
  1099 | D:4      | Killed a necrophage
  1100 | D:4      | Reached XP level 5. HP: 46/46 MP: 6/6
  1168 | D:4      | Noticed Pargi
  1183 | D:4      | Killed Pargi
  1184 | D:4      | Reached XP level 6. HP: 40/53 MP: 7/7
  1223 | D:4      | Killed Jessica
  1230 | D:4      | Noticed Dowan
  1231 | D:4      | Noticed Duvessa
  1238 | D:4      | Killed Dowan
  1239 | D:4      | Reached XP level 7. HP: 55/60 MP: 8/8
  1397 | D:4      | Your ally Duvessa died
  1398 | D:4      | Reached skill level 5 in Fighting
  1508 | D:4      | Found a glowing golden altar of the Shining One.
  1535 | D:5      | Entered Level 5 of the Dungeon
  1535 | D:5      | Noticed Grinder
  1538 | D:5      | Found a staircase to the Ecumenical Temple.
  1549 | Temple   | Entered the Ecumenical Temple
  1712 | Temple   | Became a worshipper of the Wu Jian Council
  1754 | D:5      | Paralysed by Grinder for 3 turns
  1759 | D:5      | Killed Grinder
  1760 | D:5      | Reached XP level 8. HP: 50/70 MP: 9/9
  1837 | D:5      | Found a hide-covered altar of Uskayaw.
  1837 | D:5      | Found a faded altar of an unknown god.
  1842 | D:5      | Found a snail-covered altar of Cheibriados.
  1844 | D:5      | Found a faded altar of an unknown god.
  1844 | D:5      | Noticed Menkaure
  1845 | D:5      | Found a bloodstained altar of Trog.
  1848 | D:5      | Killed Menkaure
  1926 | D:5      | Identified the +3 long sword of Peace {venom, rF+}
  1938 | D:5      | Reached skill level 2 in Long Blades
  1944 | D:5      | Reached skill level 3 in Long Blades
  1998 | D:5      | Reached skill level 4 in Long Blades
  1998 | D:5      | Gained mutation: You passively map the area around you.
                  | [Meteoran growth]
  1998 | D:5      | Reached XP level 9. HP: 48/78 MP: 10/10
  2078 | D:5      | Reached skill level 5 in Long Blades
  2095 | D:5      | Killed an unseen horror
  2096 | D:5      | Reached skill level 7 in Long Blades
  2177 | D:6      | Reached * piety under Wu Jian
  2186 | D:6      | Reached skill level 8 in Long Blades
  2300 | D:6      | Noticed Blork the orc
  2300 | D:6      | Noticed Maggie
  2307 | D:6      | Killed Blork the orc
  2309 | D:6      | Killed Maggie
  2310 | D:6      | Reached skill level 9 in Long Blades
  2328 | D:6      | Found an opulent altar of Gozag.
  2417 | D:6      | Reached skill level 10 in Long Blades
  2417 | D:6      | Reached XP level 10. HP: 79/84 MP: 11/11
  2481 | D:6      | Noticed Pikel
  2505 | D:6      | Killed Pikel
  2506 | D:6      | Reached skill level 11 in Long Blades
  2616 | D:7      | Found a glowing silver altar of Zin.
  2653 | D:6      | Reached skill level 12 in Long Blades
  2749 | D:7      | Reached ** piety under Wu Jian
  2760 | D:7      | Reached skill level 13 in Long Blades
  2793 | D:7      | Found Xiri's Assorted Antiques.
  2845 | D:7      | Bought a wand of flame (8) for 184 gold pieces
  3032 | D:7      | Reached skill level 14 in Long Blades
  3034 | D:7      | Reached XP level 11. HP: 49/85 MP: 12/12
  3163 | D:7      | Reached *** piety under Wu Jian
  3267 | D:8      | Found a sand-covered staircase.
  3274 | Ossuary  | Entered an ossuary
  3578 | D:8      | Found a burning altar of Makhleb.
  3616 | D:8      | Found Zexopeg's Jewellery Shop.
  3624 | D:8      | Reached skill level 5 in Armour
  3636 | D:8      | Bought a ring of willpower for 300 gold pieces
  3714 | D:9      | Noticed a two-headed ogre
  3727 | D:9      | Killed a two-headed ogre
  3728 | D:9      | Reached skill level 5 in Dodging
  3753 | D:9      | Found a staircase to the Orcish Mines.
  3764 | D:9      | Noticed a two-headed ogre
  3776 | D:9      | Killed a two-headed ogre
  3798 | D:9      | Noticed Grum
  3816 | D:9      | Killed Grum
  3821 | D:9      | Reached **** piety under Wu Jian
  3900 | D:9      | Found a white marble altar of Elyvilon.
  3970 | D:10     | Entered Level 10 of the Dungeon
  4015 | D:10     | Noticed a two-headed ogre
  4032 | D:10     | Killed a two-headed ogre
  4053 | D:10     | Found a broken altar of Ashenzari.
  4305 | D:11     | Found a frozen archway.
  4313 | IceCv    | Entered an ice cave
  4357 | IceCv    | Reached XP level 12. HP: 34/97 MP: 13/13
  4555 | IceCv    | Slain by an anaconda simulacrum

Illustrated notes

Levels and vault maps discovered:
D:1:      minmay_arrival_up_and_down, layout_basic
D:2:      layout_basic, uniq_jessica, uniq_robin
D:3:      layout_loops_cross, fedhas_ov_isle_minmay, nicolae_eternal_life
D:4:      wander_river, layout_rooms, tso_altar, uniq_duvessa, uniq_pargi
D:5:      minmay_chambers_of_fours, layout_cave_pools,
          chequers_temple_overflow_minitemple, minmay_temple_entry_grid,
          minmay_ogre_servants, uniq_menkaure, uniq_grinder
D:6:      layout_loops_corners, grunt_gozag_statues, uniq_blork_the_orc,
          uniq_crazy_yiuf_cottage, uniq_pikel, uniq_maggie
D:7:      layout_cave_pools, zin_treasury, serial_shops,
          nicolae_shop_hallway_plus, serial_gnoll_camp, gnoll_camp_mini_basic,
          gnoll_camp_mini_basic, gnoll_camp_mini_house, gnoll_camp_huts_basic
D:8:      layout_basic, makhleb_blood_cavern_becter, serial_shops,
          nicolae_shop_temple_entry_statues_fountains,
          nicolae_ossuary_entry_false_entrances
D:9:      layout_basic, nicolae_elyvilon_peaceful_grove, uniq_grum
D:10:     layout_big_octagon, ashenzari_altar_1
D:11:     layout_roguey, david_lair_generic, portal_ice_cave_entry_pillars_1,
          uniq_josephine
Temple:   hc_temple_tempest_star
IceCv:    ice_cave_tombish

Skill      XL: |  1  2  3  4  5  6  7  8  9 10 11 |
---------------+----------------------------------+-----
Evocations     | 4 5 6 7 8 |  8.4
Fighting       | 2 3 4 6 |  6.9
Long Blades    | 4 10 14 | 14.0
Armour         | 8 |  8.8
Dodging        | 8 |  8.5
Stealth        | |  0.6

Action                     |  1- 3 |  4- 6 |  7- 9 | 10-12 || total
---------------------------+-------+-------+-------+-------++-------
  Melee: Club              |    55 |       |       |       ||    55
         Whip              |    28 |    84 |     1 |       ||   113
         Punch             |       |     2 |     4 |     4 ||    10
         Short sword       |       |       |    38 |       ||    38
         Long sword        |       |       |    77 |   578 ||   655
Ability: Lunge             |       |       |     3 |    34 ||    37
         Whirlwind         |       |       |       |   119 ||   119
  Evoke: Wand              |     6 |    18 |    13 |    15 ||    52
    Use: Scroll            |       |     3 |     7 |     5 ||    15
   Stab: Distracted        |       |     1 |       |       ||     1
 Armour: Leather armour    |    23 |       |       |       ||    23
         Animal skin       |       |    23 |       |       ||    23
         Troll leather arm |       |     6 |    32 |   136 ||   174
  Dodge: Dodged            |    53 |    54 |    81 |   261 ||   449

Table legend: (Time is in decaauts)
 A = Elapsed time spent in this place.
 B = Non-inter-level travel time spent in this place.
 C = Inter-level travel time spent in this place.
 D = Time resting spent in this place.
 E = Time spent auto-exploring this place.
 F = Levels seen in this place.
 G = Mean time per level.
                   A        B        C        D        E       F      G
               +--------+--------+--------+--------+--------+-----+--------+
         Total |   4511 |   4180 |    331 |     85 |      0 |  14 |  322.2 |
       Dungeon |   3912 |   3607 |    305 |     85 |      0 |  11 |  355.6 |
        Temple |    214 |    188 |     26 |      0 |      0 |   1 |  214.0 |
       Ossuary |    161 |    161 |      0 |      0 |      0 |   1 |  161.0 |
      Ice Cave |    223 |    223 |      0 |      0 |      0 |   1 |  223.0 |
               +--------+--------+--------+--------+--------+-----+--------+

Top non-repeatable levels by time:
     D:7: 543 daAuts
     D:1: 512 daAuts
     D:6: 460 daAuts
     D:4: 451 daAuts
     D:5: 442 daAuts
     D:2: 395 daAuts
     D:8: 288 daAuts
     D:9: 285 daAuts
   IceCv: 223 daAuts
  Temple: 214 daAuts
    D:10: 210 daAuts
     D:3: 204 daAuts
 Ossuary: 161 daAuts
    D:11: 117 daAuts
